 Dungeon Crawl Stone Soup version 0.14-a0-1721-g84c87b2 (webtiles) character file.

653 HollowCharge the Poker (level 7, -3/56 HPs)
             Began as a Merfolk Skald on Jan 3, 2014.
             Was an Initiate of Zin.
             Slain by an orc warrior
             ... wielding a -1,+3 orcish halberd
              (15 damage)
             ... on Level 6 of the Dungeon.
             The game lasted 00:37:36 (5346 turns).

HollowCharge the Poker (Merfolk Skald)              Turns: 5346, Time: 00:37:36

HP  -3/56        AC  8     Str 16      XL: 7   Next:  9%
MP   8/9         EV 10     Int 13      God: Zin [......]
Gold 183         SH  0     Dex 15      Spells:  4 memorised,  2 levels left

rFire  . . .     SeeInvis .     j - +1,+2 elf spear
rCold  . . .     Clarity  .     f - +2 ring mail
rNeg   . . .     Conserve .     (no shield)
rPois  .         rCorr    .     (helmet restricted)
rElec  .         rRot     .     (no cloak)
SustAb . .       Spirit   .     (no gloves)
rMut   .         Warding  .     (no boots)
Saprov . . .     Stasis   .     (no amulet)
                                w - +1 ring of protection
                                q - +3 ring of strength

@: invisible, very slightly contaminated, slightly resistant to hostile
enchantments, very unstealthy
A: change form in water, swift swim, horns 1, clever 1, low mp 2, evolution 1
a: Renounce Religion


You were on level 6 of the Dungeon.
You worshipped Zin.
Zin was noncommittal.
You were not hungry.

You visited 2 branches of the dungeon, and saw 7 of its levels.

You collected 203 gold pieces.
You donated 20 gold pieces.

Inventory:

Hand weapons
 j - a +1,+2 elven spear (weapon)
 p - a +0,+0 halberd
Armour
 f - a +2 ring mail (worn)
 g - a +0 ring mail of poison resistance
 h - a +2 leather armour
Magical devices
 s - a wand of lightning (6)
Comestibles
 a - 3 meat rations
 b - 2 apples
 d - 4 bread rations
 l - a rotting chunk of worker ant flesh
 m - 11 sultanas
 v - a chunk of bat flesh
 x - a chunk of rat flesh
 z - a chunk of rat flesh
Jewellery
 q - a +3 ring of strength (left hand)
 w - a +1 ring of protection (right hand)
Potions
 e - a potion of invisibility
 i - 3 potions of heal wounds
 n - 2 potions of magic
 o - 5 potions of curing
 t - a potion of porridge
Books
 c - a book of Battle

   Spells                             Type                      Level
   *Infusion                          Charms                       1
   *Shroud of Golubria                Charms/Translocation         2
   *Song of Slaying                   Charms                       2
   Spectral Weapon                    Hexes/Charms                 3
   *Regeneration                      Charms/Necromancy            3


   Skills:
 * Level 5.2 Fighting
 * Level 7.3 Polearms
 - Level 0.6 Armour
 + Level 4.2 Dodging
 - Level 2.0 Spellcasting
 - Level 3.2 Charms


You had 2 spell levels left.
You knew the following spells:

 Your Spells              Type           Power        Failure   Level  Hunger
a - Infusion              Chrm           #.....       10%         1    ##.....
b - Song of Slaying       Chrm           #.......     14%         2    ###....
c - Shroud of Golubria    Chrm/Tloc      #.........   24%         2    ###....
d - Regeneration          Chrm/Necr      #.........   50%         3    ####...


Dungeon Overview and Level Annotations

Branches:
Dungeon (6/16)             Temple (1/1) D:4

Altars:
Ashenzari
Cheibriados
Elyvilon
Kikubaaqudgha
Nemelex Xobeh
Sif Muna
Trog
Vehumet
Xom
Yredelemnul
Zin
the Shining One

Shops:
D:4 /   D:6 /

Annotations:
D:5 Pikel


Innate Abilities, Weirdness & Mutations

You revert to your normal form in water.
You are very nimble and swift while swimming.
You have a pair of small horns on your head.
Your mind is acute. (Int +2)
Your magical capacity is very low (-20% MP).
You evolve.


Message History

The orc warrior completely misses you.
You hit the orc warrior but do no damage.
The orc warrior is lightly wounded.
You barely miss the orc warrior.
The orc warrior is lightly wounded.
The orc warrior barely misses you.
You hit the orc warrior but do no damage.
The orc warrior is lightly wounded.
The orc warrior closely misses you.
You completely miss the orc warrior.
You headbutt the orc warrior, but do no damage.
The orc warrior is lightly wounded.
An orc comes into view. It is wielding a dagger.
You fade into invisibility!
The orc warrior hits you with an orcish halberd!
* * * LOW HITPOINT WARNING * * *
You are feeling less magically infused.
Your attacks are no longer magically infused.
The orc warrior hits you from afar with an orcish halberd!
You die...

#...# #..)....### #...#
###))###.# #.... #.<....#.#
#...# ##.#.)#.#.# #...#
#.......#.### #..)#
#..#......)..
.#######...#######..#..#.#....
..........(.........#..#.#....
......<.....(.@......#.##......
#..)....%......%....##.##.#....
..#####.#...#o#####............
#.#...#.# ####.####....
#.#..(#.# #.## ##### #.#...#.#
#..# #.#...#.# ####.#######
######.....o># #.....8..∩..
#..........########.##.##..###


You could see an orc warrior and an orc (wandering).

Vanquished Creatures
  A centaur (D:6)
  An iguana (D:5)
  An orc wizard (D:6)
  3 worker ants
  Jessica (D:2)
  10 adders
  7 gnolls
  A worm (D:2)
  An adder skeleton (D:6)
  2 giant geckos
  3 orcs (D:6)
  5 giant cockroaches
  10 hobgoblins
  9 jackals
  A quokka (D:2)
  A ball python (D:5)
  15 bats
  3 giant newts
  4 goblins
  8 kobolds
  9 rats
96 creatures vanquished.

Notes
Turn   | Place    | Note
--------------------------------------------------------------
     0 | D:1      | HollowCharge, the Merfolk Skald, began the quest for the Orb.
     0 | D:1      | Reached XP level 1. HP: 16/16 MP: 3/3
   357 | D:1      | Reached XP level 2. HP: 20/23 MP: 0/4
   806 | D:2      | Reached skill level 4 in Polearms
   806 | D:2      | Reached XP level 3. HP: 28/28 MP: 1/6
   976 | D:2      | Learned a level 2 spell: Song of Slaying
   979 | D:2      | Learned a level 2 spell: Shroud of Golubria
  1114 | D:2      | Noticed Jessica
  1125 | D:2      | Killed Jessica
  1125 | D:2      | Reached XP level 4. HP: 28/35 MP: 0/7
  1253 | D:2      | Reached skill level 5 in Polearms
  1669 | D:2      | Gained mutation: You evolve. [potion of mutation]
  1669 | D:2      | Gained mutation: You have a pair of small horns on your head. [potion of mutation]
  1669 | D:2      | Gained mutation: Your magical capacity is low (-10% MP). [potion of mutation]
  1670 | D:2      | Gained mutation: Your magical capacity is very low (-20% MP). [potion of mutation]
  1670 | D:2      | Gained mutation: Your mind is acute. (Int +2) [potion of mutation]
  1670 | D:2      | Gained mutation: Your body is slowly deteriorating. [potion of mutation]
  2067 | D:2      | Reached XP level 5. HP: 30/42 MP: 0/7
  2585 | D:2      | Learned a level 3 spell: Regeneration
  2929 | D:3      | Reached skill level 6 in Polearms
  3769 | D:4      | Found a staircase to the Ecumenical Temple.
  3789 | D:4      | Reached XP level 6. HP: 42/49 MP: 4/8
  3807 | Temple   | Entered the Ecumenical Temple
  3878 | Temple   | Became a worshipper of Zin the Law-Giver
  3993 | D:4      | Lost mutation: Your body is slowly deteriorating. [evolution]
  4044 | D:4      | Acquired Zin's first power
  4321 | D:4      | Found Nemapt's Magical Wand Shop.
  4357 | D:5      | Entered Level 5 of the Dungeon
  4431 | D:5      | Was placed under penance by Zin
  4594 | D:5      | Was forgiven by Zin
  4704 | D:5      | Noticed Pikel
  5065 | D:6      | Reached skill level 7 in Polearms
  5068 | D:6      | Found Gaexad's Magical Wand Shoppe.
  5142 | D:6      | Reached skill level 5 in Fighting
  5142 | D:6      | Reached XP level 7. HP: 29/56 MP: 6/9
  5346 | D:6      | Slain by an orc warrior

Action                   |  1- 3 |  4- 6 |  7- 9 || total
-------------------------+-------+-------+-------++-------
Melee: Spear             |    84 |   252 |    19 ||   355
       Halberd           |       |    13 |       ||    13
 Cast: Infusion          |     6 |    16 |     1 ||    23
       Song of Slaying   |     1 |     1 |       ||     2
       Regeneration      |       |     1 |       ||     1
       Shroud of Golubri |       |     1 |       ||     1
  Use: Scroll            |       |    14 |     3 ||    17
       Potion            |       |     4 |     1 ||     5
